Map: Tours du crépuscule

Players

Worming

  • Race: Zerg Zerg
  • League: Diamond

Yas - Winner!

  • Race: Terran Terran
  • League: Platinum

VOD

Have the link to the VOD?

Description

Time

  • Played on: Nov. 13, 2015, 5:18 p.m.
  • Length: 13:32
Show
View Real Time Build Order
Export as new Build Order

Worming Zerg 

Build Orders: Hatch First, Lurkers 

Get SALT Encoding   

  12  0:01  Drone  
  13  0:14  Overlord  
  13  0:18  Drone  
  14  0:32  Drone x2  
  16  0:38  Drone  
  17  0:53  Hatchery  
  17  0:56  Drone  
  17  1:00  Drone  
  18  1:13  Spawning Pool  
  18  1:15  Drone  
  18  1:18  Drone  
  19  1:29  Drone  
  20  1:41  Overlord  
  20  1:45  Extractor  
  19  1:59  Queen  
  19  2:00  Zergling x2  
  22  2:06  Queen  
  22  2:07  Zergling x4  
  26  2:19  Roach Warren  
  26  2:21  Drone  
  26  2:23  Zergling x2  
  27  2:46  Spine Crawler  
  27  2:50  Spine Crawler  
  25  2:52  Queen  
  27  3:00  Roach  
  27  3:01  Roach x2  
  30  3:38  Drone x3  
  30  3:39  Drone x3  
  35  3:50  Overlord x2  
  35  4:01  Drone, Roach x2  
  36  4:13  Drone x4  
  36  4:14  Drone x4  
  44  4:19  Ravager x2  
  44  4:25  Ravager x2  
  46  4:33  Extractor  
  45  4:58  Extractor  
  45  4:59  Drone x5  
  49  5:00  Drone x3  
  49  5:01  Overlord  
  52  5:12  Roach  
  52  5:21  Lair  
  52  5:25  Evolution Chamber  
  52  5:26  Drone, Extractor  
  52  5:27  Drone x2, Overlord x2  
  53  5:29  Drone x3  
  56  5:39  Drone  
  56  5:40  Drone  
  58  5:43  Hatchery  
  57  5:51  Metabolic Boost  
  57  5:53  Zerg Missile Weapons Level 1  
  57  5:54  Roach  
  57  5:55  Roach x3  
  65  6:00  Drone x2  
  65  6:01  Drone  
  68  6:04  Hatchery  
  68  6:07  Overlord x2  
  67  6:20  Overlord  
  67  6:23  Zergling x2  
  67  6:25  Queen  
  70  6:45  Glial Reconstitution  
  70  6:48  Hydralisk Den  
  69  6:56  Overlord, Nydus Network  
  69  6:57  Overlord  
  69  6:58  Zergling x16  
  76  7:17  Lurker Den  
  76  7:18  Hydralisk  
  76  7:19  Hydralisk x6  
  90  7:27  Zergling x8  
  94  7:37  Nydus Canal  
  92  7:45  Spore Crawler  
  91  7:57  Drone  
  91  7:58  Drone x3  
  74  8:13  Roach  
  74  8:14  Roach x9  
  78  8:23  Drone x6  
  82  8:38  Drone x2  
  82  8:39  Drone x2  
  86  8:51  Muscular Augments  
  86  8:52  Lurker x2  
  88  8:56  Zerg Missile Weapons Level 2  
  88  9:00  Spore Crawler, Drone x2  
  89  9:05  Extractor x2  
  89  9:09  Drone x3  
  90  9:10  Drone x3  
  90  9:12  Drone x2  
  90  9:13  Drone x3, Overlord  
  90  9:14  Roach  
  100  9:17  Zergling x2  
  97  9:40  Infestation Pit  
  97  9:42  Extractor  
  97  9:43  Drone x2  
  97  9:44  Drone x2, Extractor  
  97  9:45  Drone x4  
  102  9:46  Drone x3  
  102  9:47  Drone x3, Overlord  
  102  9:48  Hatchery  
  107  10:09  Drone  
  107  10:10  Drone x3  
  111  10:16  Hive  
  111  10:17  Pathogen Glands  
  111  10:25  Evolution Chamber  
  110  10:30  Roach x5  
  110  10:31  Roach x4  
  110  10:32  Overlord x7  
  110  10:35  Pneumatized Carapace  
  128  10:36  Overseer  
  128  10:40  Overlord  
  128  10:42  Overlord  
  124  11:10  Roach x4, Hydralisk x10  
  124  11:11  Hydralisk x2  
  142  11:25  Tunneling Claws  
  142  11:27  Zerg Ground Armor Level 1  
  142  11:29  Viper x4  
  142  11:31  Roach  
  142  11:32  Roach x3  
  159  11:39  Lurker x2  
  158  11:40  Zergling x2  
  158  11:41  Zergling x12  
  114  12:11  Roach x8  
  114  12:12  Roach x10  
  120  12:35  Roach  
  120  12:36  Roach x8  
  113  12:51  Queen  
  113  12:58  Hydralisk x4  
  110  12:59  Hydralisk x2  
Show
View Real Time Build Order
Export as new Build Order

Yas Terran - Winner!

Build Orders: Mech 

Get SALT Encoding   

  12  0:20  Supply Depot  
  12  0:42  Barracks  
  12  0:51  SCV  
  12  0:52  Barracks  
  13  1:03  SCV  
  14  1:15  SCV  
  15  1:28  Orbital Command  
  15  1:29  Marine  
  16  1:38  Bunker  
  16  1:43  Marine  
  17  1:47  Marine  
  17  1:53  Refinery  
  17  1:54  SCV  
  19  2:01  Marine  
  19  2:02  Bunker  
  19  2:06  SCV  
  21  2:18  SCV  
  21  2:19  Marine  
  23  2:25  Supply Depot  
  23  2:38  Bunker  
  23  2:46  Marine  
  24  2:52  Marine  
  24  2:53  SCV  
  26  3:04  Command Center, Marine  
  27  3:06  SCV  
  27  3:09  Marine  
  28  3:29  SCV  
  28  3:30  Marine x2  
  29  3:34  Factory  
  29  3:37  Refinery  
  29  3:41  SCV  
  30  3:54  SCV  
  30  4:00  Marine  
  30  4:01  Marine  
  31  4:15  Supply Depot, SCV  
  31  4:16  Orbital Command  
  32  4:18  Starport  
  32  4:19  Factory Reactor  
  31  4:27  SCV  
  31  4:52  SCV  
  32  4:56  Starport Tech Lab  
  32  4:57  Command Center  
  32  4:59  Orbital Command  
  32  5:04  SCV  
  32  5:05  Factory Tech Lab  
  31  5:15  Factory  
  31  5:16  Factory  
  30  5:25  SCV  
  30  5:26  Siege Tank  
  34  5:29  Medivac  
  34  5:35  SCV  
  37  5:37  SCV  
  38  5:47  SCV  
  38  5:49  Supply Depot, SCV  
  40  5:59  Banshee, SCV  
  40  6:01  SCV  
  40  6:02  Refinery  
  45  6:04  Refinery  
  45  6:11  SCV  
  45  6:13  SCV  
  45  6:15  Factory Reactor  
  45  6:17  Orbital Command  
  47  6:23  SCV  
  47  6:25  Cyclone, SCV  
  52  6:35  SCV  
  52  6:38  SCV  
  54  6:43  Hellion x2, Cloaking Field  
  58  6:47  SCV  
  58  6:48  Banshee  
  58  6:53  Orbital Command  
  62  7:04  Hellion x2  
  62  7:06  SCV x2  
  68  7:08  Siege Tank  
  68  7:10  Hellion x2  
  75  7:18  SCV x2  
  77  7:26  Supply Depot x2  
  77  7:27  Supply Depot  
  77  7:32  Armory  
  77  7:33  Armory  
  77  7:48  SCV x3  
  80  7:53  Siege Tank  
  83  8:00  SCV x2  
  83  8:08  Orbital Command  
  71  8:16  SCV x2  
  65  8:25  Siege Tank  
  68  8:28  SCV x2  
  67  8:34  SCV  
  67  8:40  SCV x2  
  70  8:44  Liberator x2  
  70  8:46  SCV  
  70  8:47  Refinery  
  70  8:48  Refinery  
  71  8:50  Terran Vehicle Weapons Level 1, Terran Vehicle And Ship Armor Level 1  
  71  8:52  SCV x2  
  73  8:58  SCV  
  80  9:04  SCV x2  
  82  9:11  SCV  
  82  9:15  Supply Depot  
  82  9:16  SCV x2  
  85  9:23  SCV  
  86  9:27  Liberator  
  86  9:28  SCV x2  
  88  9:35  Hellion, Siege Tank x2, SCV  
  88  9:36  Hellion  
  99  9:40  SCV x2  
  99  9:44  Viking  
  106  9:47  SCV  
  106  9:48  Command Center  
  106  9:52  SCV x2  
  109  10:03  Hellion, SCV  
  109  10:04  Supply Depot, SCV  
  109  10:05  SCV  
  109  10:06  Supply Depot  
  114  10:07  Hellion  
  114  10:08  Liberator  
  114  10:10  Liberator  
  116  10:21  SCV  
  116  10:25  SCV  
  116  10:26  Hellion  
  126  10:40  Hellion x2, Siege Tank  
  133  10:45  Factory  
  133  10:47  Factory  
  133  11:00  Siege Tank, SCV  
  133  11:02  Hellion  
  133  11:19  Liberator, Siege Tank  
  133  11:20  Hellion  
  133  11:23  Hellion  
  140  11:32  Siege Tank  
  143  11:37  SCV  
  143  11:38  SCV  
  148  11:43  Liberator  
  148  11:49  Orbital Command  
  148  11:52  Command Center  
  148  11:55  Supply Depot  
  148  11:56  Supply Depot  
  148  12:02  Hellion x2  
  135  12:40  Hellion x2, Siege Tank x2  
  135  12:41  Hellion  
Tags
 
Add a new tag
Caveats
  • Supply blocks, unpowered buildings, or Contaminate may cause inaccurate times.
  • Supply counts are checked every 10 seconds.